 Dungeon Crawl Stone Soup version 0.20-a0-2-g2b0e13a (webtiles) character file.

22097 Kaname the Destroyer (level 12, -1/91 HPs)
             Began as a Demonspawn Venom Mage on Oct 27, 2016.
             Was a High Priest of Okawaru.
             Slain by a warg (9 damage)
             ... led by Saint Roka
             ... on level 2 of the Orcish Mines.
             The game lasted 01:11:39 (20571 turns).

Kaname the Destroyer (Demonspawn Venom Mage)       Turns: 20571, Time: 01:11:41

Health: -1/91      AC: 18    Str: 11    XL:     12   Next: 60%
Magic:  17/19      EV: 16    Int: 20    God:    Okawaru [*****.]
Gold:   978        SH:  6    Dex: 13    Spells: 3 memorised, 9 levels left

rFire  + + .     SeeInvis .     H - +6 scimitar of Flaming Death {sticky flame, rPois rF++ rC- MR+}
rCold  + . .     Gourm    +     l - +2 robe {rC+}
rNeg   . . .     Faith    .     i - +0 buckler
rPois  +         Spirit   .     s - +2 helmet
rElec  .         Reflect  .     A - +1 cloak
rCorr  .         Harm     .     w - +0 pair of gloves
MR     ++...                    G - +0 pair of boots
Stlth  ++++++....               K - amulet of the gourmand
                                k - ring of poison resistance
                                p - ring of stealth

@: heroism, very slightly contaminated, invisible
A: fangs 1, talons 1, iridescent scales 3, blurry vision 1, cold resistance 1,
magic resistance 1, nightstalker 1, screaming 2, subdued magic 3, MP-powered
wands
a: Heroism, Finesse, Renounce Religion


You were on level 2 of the Orcish Mines.
You worshipped Okawaru.
Okawaru was extremely pleased with you.
You were completely stuffed.

You visited 3 branches of the dungeon, and saw 16 of its levels.

You collected 1428 gold pieces.
You spent 450 gold pieces at shops.

Inventory:

Hand Weapons
 b - a +2 short sword of distortion
 H - the +6 scimitar of Flaming Death (weapon) {sticky flame, rPois rF++ rC- MR+}
   (You found it on level 9 of the Dungeon)

   It has been specially enchanted to burn those struck by it, causing extra
   injury to most foes and up to half again as much damage against particularly
   susceptible opponents.
   Big, fiery blades are also staple armaments of hydra-hunters.
   It greatly protects you from fire.
   It makes you vulnerable to cold.
   It protects you from poison.
   It affects your resistance to hostile enchantments.
 W - the +0 war axe of Lougitoc {pain, rF++ Dex-4 SInv}
   (You took it off a centaur warrior on level 13 of the Dungeon)

   In the hands of one skilled in necromantic magic, it inflicts extra damage on
   living creatures.
   It affects your dexterity (-4).
   It greatly protects you from fire.
   It lets you see invisible.
Armour
 i - a +0 buckler (worn)
 l - a +2 robe of cold resistance (worn)
 s - a +2 helmet (worn)
 w - a +0 pair of gloves (worn)
 x - a +4 ring mail
 A - a +1 cloak (worn)
 G - a +0 pair of boots (worn)
 O - a +0 troll leather armour
Magical Staves
 z - an uncursed staff of poison
Jewellery
 g - an uncursed ring of protection from magic
 k - a ring of poison resistance (right hand)
 p - a ring of stealth (left hand)
 v - an uncursed ring of fire
 K - an amulet of the gourmand (around neck)
Wands
 a - a wand of paralysis (18/24)
 u - a wand of random effects (17/48)
 J - a wand of digging (6/24)
 L - a wand of acid (7/15)
 Q - a wand of lightning (3/15)
 T - a wand of digging (14/24)
 U - a wand of acid (12/15)
Scrolls
 d - a scroll of enchant armour
 n - a scroll of immolation
 q - 2 scrolls of amnesia
 r - 8 scrolls of remove curse
 t - a scroll of magic mapping
 y - 4 scrolls of identify
 I - 2 scrolls of fog
 N - 2 scrolls of enchant weapon
Potions
 e - 4 potions of brilliance
 h - a potion of heal wounds
 m - 3 potions of might
 C - 2 potions of agility
 D - a potion of lignification
 E - a potion of magic
 F - 2 potions of flight
 P - 4 potions of curing
 R - a potion of haste
Comestibles
 c - 6 bread rations
 f - 2 slices of pizza
 j - 3 meat rations
 o - 12 royal jellies
 B - 4 beef jerkies
 M - 5 fruits
 V - 8 chunks of flesh


   Skills:
 - Level 7.2(12.2) Fighting
 - Level 10.0(15.0) Short Blades
 + Level 2.4(7.4) Dodging
 - Level 5.3(10.3) Stealth
 - Level 4.1(9.1) Shields
 - Level 5.0 Spellcasting
 - Level 10.0 Conjurations
 - Level 4.0 Air Magic
 - Level 8.0 Poison Magic
 - Level 8.1 Invocations


You had 9 spell levels left.
You knew the following spells:

 Your Spells              Type           Power        Failure   Level  Hunger
b - Mephitic Cloud        Conj/Pois/Air  ###.....     1%          3    ##.....
c - Olgreb's Toxic Radia  Pois           ###.....     2%          4    ####...
d - Venom Bolt            Conj/Pois      ###.......   4%          5    #####..


Dungeon Overview and Level Annotations

Branches:
Dungeon (13/15)            Temple (1/1) D:4            Lair (0/6) D:8
    Orc (2/2) D:10
    Elf: Orc:2       Vaults: D:13-14

Altars:
Cheibriados
Gozag
Hepliaklqana
Okawaru
Qazlal
Ru
Sif Muna
Trog
Xom
Yredelemnul
Zin
The Shining One
Beogh

Shops:
D:5 !   D:9 ?   D:12 %

Annotations:
D:6 Grinder
D:13 Plazmod's ghost, journeyman TrMo
Orc:2 Saint Roka


Innate Abilities, Weirdness & Mutations

You have sharp toenails.
You are completely covered in iridescent scales. (AC +6)
Your flesh is cold resistant. (rC+)
You are slightly more attuned to the shadows.
You have very sharp teeth.
Scrolls take you a little longer to read.
You are resistant to hostile enchantments. (MR+)
You sometimes yell uncontrollably at your foes.
Your spells are much easier to cast, but much less powerful.
You expend magic power (3 MP) to strengthen your wands.


Message History

The orc warrior misses you. The warg barely misses you.
Press: ? - help, v - describe, . - travel
Here: a warg The floor.
The warg bites you but does no damage.
The orc shouts!
You block the warg's attack.
Saint Roka mumbles some strange prayers to Beogh against you.
Beogh smites you!
You gain the combat prowess of a mighty hero.
The warg bites you. The orc warrior closely misses you.
The orc warrior hits you but does no damage.
You slash the warg! You burn the warg.
The warg is covered in liquid flames!
Your bite misses the warg.
The warg is heavily wounded.
The warg burns!
The orc warrior hits you with a battleaxe!!
* * * LOW HITPOINT WARNING * * *
The warg bites you!
You die...

#####
##8.8##
##.....##
##..)....##
#.oo.o....#
#oh8o_.8..#
#@ho.o....#
##o......##
##.....##
##8.8##
#...# ...
..


You could see Saint Roka, 2 wargs, 4 orc warriors and 3 orcs.

Vanquished Creatures
  A centaur warrior (D:13)
  A death knight (D:11)
  The ghost of Leibowitz the Spear-Bearer, a novice DgGl (D:12)
  The ghost of smajdalf the Destroyer, a journeyman TeAE of Vehumet (D:11)
  2 orc high priests
  Urug (D:12)
  A skeletal warrior (D:11)
  An orc knight (Orc:1)
  An orc sorcerer (Orc:1)
  2 ugly things
  A centaur zombie (D:11)
  An elephant (D:8)
  A gargoyle (D:13)
  A centaur skeleton (D:10)
  A freezing wraith (D:11)
  4 trolls
  3 hornets (D:9)
  4 two-headed ogres
  A hippogriff (D:9)
  Sigmund (D:6)
  A vampire (D:13)
  2 wraiths (D:11)
  13 yaks
  3 vampire mosquitoes (D:13)
  A steam dragon (D:12)
  2 wargs (Orc:1)
  2 mottled dragons
  A soldier ant (D:9)
  2 water moccasins
  20 orc warriors
  3 sky beasts
  5 ice beasts
  A black bear (D:6)
  An eye of draining (D:11)
  9 ogres
  A phantom (D:13)
  7 centaurs
  A crocodile (D:8)
  2 big kobolds
  5 bullfrogs
  A gnoll sergeant (Orc:1)
  4 scorpions
  10 wights
  4 hounds
  A quasit (D:6)
  Crazy Yiuf (D:3)
  9 crimson imps
  20 orc priests
  A bullfrog skeleton (D:10)
  5 jellies
  7 iguanas
  5 worker ants
  18 orc wizards
  A hound skeleton (D:7)
  Robin (D:3)
  18 adders
  7 gnolls
  2 shadow imps
  An ooze (D:2)
  2 adder skeletons
  A worm (D:4)
  2 dart slugs
  5 leopard geckos
  108 orcs
  6 giant cockroaches
  22 goblins
  13 hobgoblins
  12 jackals
  17 kobolds
  A quokka (D:3)
  A ball python (D:2)
  5 bats
  2 frilled lizards
  A jackal skeleton (D:4)
  13 rats
439 creatures vanquished.

Vanquished Creatures (others)
  A yak (D:8)
  A centaur skeleton (D:8)
  A kobold (D:8)
  A fungus (D:8)
  A plant (D:8)
5 creatures vanquished.

Grand Total: 444 creatures vanquished

Notes
Turn   | Place    | Note
-------+----------+-------------------------------------------
     0 | D:1      | Kaname the Demonspawn Venom Mage began the quest for the Orb.
     0 | D:1      | Reached XP level 1. HP: 13/13 MP: 3/3
    51 | D:1      | Reached skill level 1 in Conjurations
   280 | D:1      | Gained mutation: You have sharp toenails. [demonic ancestry]
   280 | D:1      | Reached XP level 2. HP: 17/19 MP: 0/5
  1041 | D:1      | Gained mutation: You are partially covered in iridescent scales. (AC +2) [demonic ancestry]
  1041 | D:1      | Reached XP level 3. HP: 24/24 MP: 3/6
  1046 | D:1      | Learned a level 3 spell: Mephitic Cloud
  1836 | D:2      | Reached XP level 4. HP: 30/30 MP: 2/7
  2846 | D:3      | Found a runed door.
  2902 | D:3      | Reached skill level 1 in Air Magic
  3313 | D:3      | Noticed Robin
  3469 | D:3      | Killed Robin
  3469 | D:3      | Gained mutation: You are mostly covered in iridescent scales. (AC +4) [demonic ancestry]
  3469 | D:3      | Reached XP level 5. HP: 32/35 MP: 0/8
  3587 | D:3      | Learned a level 4 spell: Olgreb's Toxic Radiance
  3967 | D:3      | Reached skill level 5 in Poison Magic
  3979 | D:3      | Gained mutation: You are slightly more attuned to the shadows. [demonic ancestry]
  3979 | D:3      | Reached XP level 6. HP: 17/41 MP: 0/9
  4456 | D:3      | Noticed Crazy Yiuf
  4465 | D:3      | Killed Crazy Yiuf
  5064 | D:4      | Found a staircase to the Ecumenical Temple.
  5100 | Temple   | Entered the Ecumenical Temple
  5106 | Temple   | Became a worshipper of Warmaster Okawaru
  5222 | D:4      | Found a sacrificial altar of Ru.
  5385 | D:4      | Gained mutation: Your flesh is cold resistant. (rC+) [demonic ancestry]
  5385 | D:4      | Reached XP level 7. HP: 44/46 MP: 5/10
  5772 | D:4      | Found a deep blue altar of Sif Muna.
  5936 | D:4      | Found an iron altar of Okawaru.
  6129 | D:4      | Found a sacrificial altar of Ru.
  6146 | D:4      | Found an iron altar of Okawaru.
  6570 | D:4      | Found a deep blue altar of Sif Muna.
  6669 | D:4      | Found a staircase to the Ecumenical Temple.
  7114 | D:5      | Entered Level 5 of the Dungeon
  7120 | D:5      | Found a glowing silver altar of Zin.
  7373 | D:4      | HP: 3/69 [something (5)]
  7733 | D:5      | Found a basalt altar of Yredelemnul.
  7930 | D:5      | Reached skill level 5 in Conjurations
  8040 | D:5      | Found Vasi's Distillery.
  8043 | D:5      | Bought a potion of might for 48 gold pieces
  8043 | D:5      | Bought a potion of flight for 36 gold pieces
  8043 | D:5      | Bought a potion of agility for 48 gold pieces
  8043 | D:5      | Bought a potion of heal wounds for 60 gold pieces
  8102 | D:5      | Reached * piety under Okawaru
  8102 | D:5      | Reached XP level 8. HP: 39/52 MP: 11/11
  8331 | D:6      | Noticed Sigmund
  8340 | D:6      | Killed Sigmund
  8526 | D:6      | Noticed Grinder
  8818 | D:6      | Reached ** piety under Okawaru
  9262 | D:7      | Gained mutation: You are completely covered in iridescent scales. (AC +6) [demonic ancestry]
  9262 | D:7      | Reached XP level 9. HP: 55/57 MP: 14/14
  9336 | D:7      | Found a hazy altar of Hepliaklqana.
  9451 | D:7      | Learned a level 5 spell: Venom Bolt
  9578 | D:7      | Gained mutation: Your spells are a little easier to cast, but a little less powerful. [mutagenic meat]
  9579 | D:7      | Gained mutation: Your mind is acute. (Int +2) [mutagenic meat]
  9580 | D:7      | Gained mutation: You have very sharp teeth. [mutagenic meat]
  9632 | D:7      | Found a stormy altar of Qazlal.
  9812 | D:7      | Reached *** piety under Okawaru
 10168 | D:5      | Bought a potion of heal wounds for 60 gold pieces
 10168 | D:5      | Bought a potion of heal wounds for 60 gold pieces
 10314 | D:8      | Found a staircase to the Lair.
 10344 | D:8      | HP: 2/57 [orc priest/divine providence (12)]
 10608 | D:8      | Noticed an elephant
 10655 | D:8      | Gained mutation: Your spells are easier to cast, but less powerful. [potion of mutation]
 10655 | D:8      | Gained mutation: Scrolls take you a little longer to read. [potion of mutation]
 10682 | D:8      | Gained mutation: You occasionally shout uncontrollably at your foes. [mutagenic glow]
 10705 | D:8      | Killed an elephant
 10705 | D:8      | Reached **** piety under Okawaru
 10707 | D:8      | Gained mutation: You are clumsy. (Dex -2) [mutagenic glow]
 10870 | D:8      | Found a shimmering altar of Xom.
 10925 | D:8      | Reached skill level 10 in Conjurations
 10928 | D:8      | Got a transparent long sword {flame}
 10930 | D:8      | Identified the +5 long sword "Tobeug" {flame, rN+ Dex+2} (You took it off an orc on level 8 of the Dungeon)
 11428 | D:9      | Found a snail-covered altar of Cheibriados.
 11498 | D:9      | Reached skill level 1 in Short Blades
 11498 | D:9      | Reached skill level 1 in Shields
 11579 | D:9      | Reached XP level 10. HP: 63/63 MP: 10/16
 11588 | D:9      | Paralysed by a hornet for 3 turns
 11869 | D:9      | Found Covun's Magic Scroll Boutique.
 11875 | D:9      | Bought a scroll of identify for 24 gold pieces
 11875 | D:9      | Bought a scroll of identify for 24 gold pieces
 11875 | D:9      | Bought a scroll of enchant weapon for 90 gold pieces
 12636 | D:10     | Entered Level 10 of the Dungeon
 13346 | D:10     | Found a staircase to the Orcish Mines.
 13730 | D:10     | Reached skill level 5 in Short Blades
 13752 | D:11     | Reached skill level 1 in Fighting
 13866 | D:11     | Gained mutation: You expend magic power (3 MP) to strengthen your wands. [mutagenic meat]
 14186 | D:11     | Noticed smajdalf's ghost (journeyman TeAE)
 14407 | D:11     | Reached ***** piety under Okawaru
 14422 | D:11     | Killed smajdalf's ghost
 14422 | D:11     | Reached skill level 5 in Fighting
 14422 | D:11     | Reached XP level 11. HP: 61/81 MP: 1/17
 14434 | D:11     | Received a gift from Okawaru
 14492 | D:11     | Noticed a death knight
 14517 | D:11     | Killed a death knight
 14532 | D:11     | Noticed a skeletal warrior
 15055 | D:11     | Killed a skeletal warrior
 15055 | D:11     | Reached skill level 5 in Invocations
 15364 | D:12     | Noticed a brown ugly thing
 15370 | D:12     | Killed a brown ugly thing
 15375 | D:12     | Lost mutation: Your mind is acute. (Int +2) [mutagenic meat]
 15378 | D:12     | Gained mutation: Your spells are much easier to cast, but much less powerful. [mutagenic meat]
 15478 | D:12     | Noticed Urug
 15494 | D:12     | Killed Urug
 15639 | D:12     | You fall through a shaft!
 16043 | D:13     | Noticed Plazmod's ghost (journeyman TrMo)
 16153 | D:12     | Noticed Leibowitz's ghost (novice DgGl)
 16204 | D:12     | Killed Leibowitz's ghost
 16207 | D:12     | Reached skill level 5 in Stealth
 16269 | D:12     | Found Pesukuv's Food Shoppe.
 16544 | D:12     | Lost mutation: You are clumsy. (Dex -2) [mutagenic meat]
 16545 | D:12     | Gained mutation: You are resistant to hostile enchantments. (MR+) [mutagenic meat]
 16547 | D:12     | Gained mutation: You sometimes yell uncontrollably at your foes. [mutagenic meat]
 16896 | D:13     | Noticed a cyan ugly thing
 16911 | D:13     | Killed a cyan ugly thing
 16911 | D:13     | Received a gift from Okawaru
 17599 | D:13     | Reached XP level 12. HP: 91/91 MP: 18/18
 17710 | D:13     | Noticed a centaur warrior
 17721 | D:13     | Killed a centaur warrior
 17723 | D:13     | Got an iridescent war axe {pain}
 17726 | D:13     | Identified the cursed +0 war axe of Lougitoc {pain, rF++ Dex-4 SInv} (You took it off a centaur warrior on level 13 of the Dungeon)
 18014 | Orc:1    | Entered Level 1 of the Orcish Mines
 18104 | Orc:1    | Noticed an orc high priest
 18109 | Orc:1    | Killed an orc high priest
 18761 | Orc:2    | Entered Level 2 of the Orcish Mines
 19534 | Orc:2    | Noticed an orc high priest
 19831 | Orc:2    | Killed an orc high priest
 19831 | Orc:2    | Reached skill level 10 in Short Blades
 20121 | Orc:1    | Reached skill level 5 in Spellcasting
 20368 | Orc:2    | Received a gift from Okawaru
 20563 | Orc:2    | Found a roughly hewn altar of Beogh.
 20563 | Orc:2    | Noticed Saint Roka
 20571 | Orc:2    | Slain by a warg

Vault maps used:
D:1:      dpeg_arrival_prison, minmay_hedge_maze
D:2:      first_bread, minmay_goblin_outpost
D:3:      uniq_robin, uniq_crazy_yiuf_cottage
D:4:      nicolae_ru_awakened_eye, kennysheep_mini_moat,
          okawaru_altar_gauntlet_db
D:5:      overflow_temple_1_default, lemuel_doored_altar, serial_shops,
          kennysheep_mini
D:6:      uniq_sigmund, uniq_grinder
D:7:      overflow_temple_1_default, lemuel_crystal_altar
D:8:      david_lair_generic, basic_altar
D:9:      cheibriados_altar_1, serial_shops,
          nicolae_shop_competitors_out_of_business, hangedman_pestilent_swarm
D:10:     orc_0_dummy
D:11:     lemuel_upstairs_altar
D:12:     serial_shops, shop, corexii_corridor_pit, grunt_ministairs_15,
          hangedman_abyss_or_decor_lesser_grid, minmay_holes,
          hangedman_glass_teeth, uniq_urug
Temple:   zaba_magenta_temple
Orc:2:    pubby_orc_utopia, serial_shops

Skill      XL: |  1  2  3  4  5  6  7  8  9 10 11 12 |
---------------+-------------------------------------+-----
Conjurations   | 1 2 3 4 5 6 10 | 10.0
Air Magic      | 2 4 |  4.0
Poison Magic   | 5 6 8 |  8.0
Invocations    | 4 8 |  8.1
Spellcasting   | 3 4 5 |  5.0
Short Blades   | 1 5 7 10 | 10.0
Shields        | 1 4 |  4.1
Fighting       | 5 7 |  7.2
Stealth        | 5 |  5.3
Dodging        | 2 |  2.4

Action                   |  1- 3 |  4- 6 |  7- 9 | 10-12 || total
-------------------------+-------+-------+-------+-------++-------
Melee: Unarmed           |    24 |       |       |       ||    24
       Spear             |    24 |    81 |       |       ||   105
       Kick              |     3 |    19 |    15 |       ||    37
       Flail             |       |    36 |       |       ||    36
       Quarterstaff      |       |    10 |   316 |       ||   326
       Short sword       |       |       |    35 |       ||    35
       Long sword        |       |       |    26 |    24 ||    50
       Bite              |       |       |    10 |    41 ||    51
       Scimitar          |       |       |       |   530 ||   530
 Cast: Sting             |    75 |   115 |    91 |       ||   281
       Mephitic Cloud    |       |     3 |     5 |     7 ||    15
       Venom Bolt        |       |       |     7 |    66 ||    73
       Olgreb's Toxic Ra |       |       |     2 |       ||     2
Invok: Heroism           |       |       |     1 |     9 ||    10
Evoke: Wand              |       |       |    13 |     7 ||    20
  Use: Scroll            |     4 |     2 |     7 |     3 ||    16
       Potion            |       |       |     9 |    10 ||    19
 Stab: Sleeping          |     1 |     4 |     7 |     4 ||    16
       Confused          |       |     1 |     3 |     6 ||    10
       Distracted        |       |     1 |     1 |     3 ||     5
       Paralysed         |       |       |     2 |       ||     2
  Eat: Chunk             |     3 |    12 |    29 |    74 ||   118
       Fruit             |       |     2 |     2 |       ||     4
       Pizza             |       |       |     1 |       ||     1
Armor: Robe              |    11 |    35 |   226 |   250 ||   522
       Skin              |       |       |    40 |       ||    40
Dodge: Dodged            |    41 |    84 |   260 |   389 ||   774
Block: Buckler           |       |       |     3 |   155 ||   158
       Rpst.: Long sword |       |       |     4 |     7 ||    11
       Scimitar          |       |       |       |    83 ||    83
